 Dungeon Crawl Stone Soup version 0.19.0 (webtiles) character file.

8050 Gorglomux the Cruncher (level 11, 0/103 HPs)
             Began as a Deep Dwarf Fighter on Nov 1, 2016.
             Was a Believer of Elyvilon.
             Slain by Erolcha
             ... wielding a +7 giant spiked club
              (24 damage)
             ... on level 10 of the Dungeon.
             The game lasted 00:25:08 (7594 turns).

Gorglomux the Cruncher (Deep Dwarf Fighter)         Turns: 7594, Time: 00:25:09

Health: 0/103      AC: 10    Str: 24    XL:     11   Next: 4%
Magic:  23/23      EV: 10    Int:  8    God:    Elyvilon [**....]
Gold:   434        SH:  0    Dex: 12    Spells: 0 memorised, 10 levels left

rFire  . . .     SeeInvis .     K - +9 quarterstaff of Deformation {flame, Fragile rElec rPois}
rCold  + . .     Gourm    .     x - +0 ring mail {rC+}
rNeg   . . .     Faith    .     (shield currently unavailable)
rPois  +         Spirit   .     (no helmet)
rElec  +         Reflect  .     o - +0 cloak
rCorr  .         Harm     .     A - +2 pair of gloves
MR     +....                    (no boots)
Stlth  +.........               u - amulet of rage
                                H - ring of magical power
                                L - +5 ring of slaying

@: non-regenerating
A: damage resistance, recharge devices, sense surroundings 2, slow regeneration
3
a: Device Recharging, Lesser Healing, Heal Other, Divine Protection, Renounce
Religion, Evoke Berserk Rage


You were on level 10 of the Dungeon.
You worshipped Elyvilon.
Elyvilon was pleased with you.
You were not hungry.

You visited 2 branches of the dungeon, and saw 11 of its levels.
You also visited: Bailey.

You collected 434 gold pieces.

Inventory:

Hand Weapons
 K - the +9 quarterstaff of Deformation (weapon) {flame, Fragile rElec rPois}
   (You found it on level 7 of the Dungeon)

   It has been specially enchanted to burn those struck by it, causing extra
   injury to most foes and up to half again as much damage against particularly
   susceptible opponents.
   It insulates you from electricity.
   It protects you from poison.
   It will be destroyed if unequipped.
Missiles
 l - 4 javelins (quivered)
 s - 4 tomahawks
Armour
 c - a +0 shield
 o - a +0 cloak (worn)
 x - a +0 ring mail of cold resistance (worn)
 A - a +2 pair of gloves (worn)
Jewellery
 u - an amulet of rage (around neck)
 w - an uncursed ring of protection from magic
 B - an uncursed amulet of the gourmand
 H - a ring of magical power (right hand)
 L - a +5 ring of slaying (left hand)
 N - an uncursed ring of fire
Wands
 a - a wand of acid (8/15)
 e - a wand of heal wounds (5/9)
 F - a wand of disintegration (6/24)
 J - a wand of flame (41/48)
 O - a wand of disintegration (13/24)
 R - a wand of paralysis (11/24)
 V - a wand of acid (10/15)
 W - a wand of lightning (9/15)
Scrolls
 d - a scroll of noise {unknown}
 j - 2 scrolls of fear
 k - 5 scrolls of teleportation
 n - a scroll of recharging
 q - 3 scrolls of random uselessness
 r - 3 scrolls of enchant weapon
 y - 5 scrolls of remove curse
 E - 3 scrolls of magic mapping
 G - a scroll of torment {unknown}
 I - a scroll of blinking {unknown}
Potions
 g - 7 potions of brilliance
 h - 3 potions of curing
 t - 2 potions of flight
 C - a potion of ambrosia
 D - a potion of magic
 M - a potion of cancellation
 S - a potion of invisibility {unknown}
 T - a potion of heal wounds {unknown}
 U - a potion of might
 X - 2 potions of lignification
Books
 Y - a book of Maledictions

   Spells                             Type                      Level
   a - Corona                         Hexes                        1
   b - Ensorcelled Hibernation        Hexes/Ice                    2
   c - Confuse                        Hexes                        3
   d - Tukima's Dance                 Hexes                        3
   e - Dazzling Spray                 Conjuration/Hexes            3
 Z - a book of Geomancy

   Spells                             Type                      Level
   a - Sandblast                      Earth                        1
   b - Passwall                       Transmutation/Earth          2
   c - Stone Arrow                    Conjuration/Earth            3
   d - Petrify                        Transmutation/Earth          4
   e - Lee's Rapid Deconstruction     Earth                        5
Comestibles
 f - 7 bread rations
 m - 4 slices of pizza
 p - 2 royal jellies
 v - 2 beef jerkies
 z - 33 fruits
 P - 2 meat rations
 Q - 13 chunks of flesh


   Skills:
 + Level 8.1 Fighting
   Level 6.7 Long Blades
 * Level 9.0 Staves
 - Level 3.2 Armour
 - Level 5.7 Shields
 + Level 8.9 Invocations
 - Level 5.5 Evocations


You had 10 spell levels left.
You didn't know any spells.

Dungeon Overview and Level Annotations

Branches:
Dungeon (10/15)            Temple (1/1) D:7
   Lair: D:8-11         Orc: D:9-12

Altars:
Ashenzari
Cheibriados
Dithmenos
Elyvilon
Fedhas
Gozag
Hepliaklqana
Kikubaaqudgha
Makhleb
Nemelex Xobeh
Okawaru
Qazlal
Ru
Sif Muna
Trog
Uskayaw
Vehumet
Xom
Yredelemnul
Zin
The Shining One

Annotations:
D:5 Grinder
D:7 1 runed door
D:10 Erolcha


Innate Abilities, Weirdness & Mutations

You are resistant to damage.
You can recharge devices by infusing magical energy.
You passively map the area around you.
You do not regenerate.


Message History

Erolcha gestures at you while chanting. The bolt of lightning hits you!
You resist.
You hit Erolcha but do no damage.
Erolcha is lightly wounded.
Erolcha hits you with an enchanted giant spiked club.
You closely miss Erolcha.
Erolcha is lightly wounded.
You hit Erolcha but do no damage.
Erolcha is lightly wounded.
Erolcha hits you with an enchanted giant spiked club!
You sock Erolcha! You burn Erolcha.
Erolcha is heavily wounded.
You sock Erolcha! You burn Erolcha.
Erolcha is almost dead.
Erolcha hits you with an enchanted giant spiked club!
* * * LOW HITPOINT WARNING * * *
You hit Erolcha. You burn Erolcha.
Erolcha is almost dead.
Erolcha hits you with an enchanted giant spiked club!!
You die...

, * #.#.# * ..
* * *
#.######.#.#
*## *
,*##........#.#
, *
.......?....# *
* .########.###
, ,.##. #.!..#
* , *** .... *
#.##.# * *
......###.##.#
*
,#..>.OO@....#
* **
*##...###.####
*##..#*#.# , *
' , #..##.# * *
, ##....# * * ,
* * ##..?..# *
* , *
##..###.## * *
* **#.[......#
, , *
#..#####..#
*### *,*


You could see Erolcha and a two-headed ogre.

Vanquished Creatures
  The ghost of appiemonkey the Fighter, a novice DrFi of Qazlal (D:7)
  Psyche (D:8)
  A gargoyle (D:10)
  2 hippogriffs
  Sigmund (D:3)
  19 yaks
  2 soldier ants (D:7)
  An orc warrior (D:7)
  An ice beast (D:7)
  A black bear (D:9)
  A sky beast (D:9)
  The ghost of appiemonkey the Skirmisher, an amateur MiAK of Lugonu (D:4)
  A necrophage (D:9)
  6 ogres
  4 bullfrogs
  3 scorpions
  4 killer bees (D:7)
  5 wights (D:10)
  3 crimson imps
  8 hounds
  4 jellies
  A gnoll shaman (D:10)
  6 orc priests
  4 orc wizards
  2 bullfrog skeletons
  3 centaur skeletons
  Natasha (D:3)
  11 worker ants
  Terence (D:3)
  A hound zombie (D:10)
  8 gnolls
  A howler monkey skeleton (D:10)
  11 adders
  A shadow imp (D:10)
  An adder skeleton (D:7)
  2 worms (D:2)
  2 dart slugs
  3 leopard geckos
  38 orcs
  2 ball pythons (D:2)
  6 bats
  6 giant cockroaches
  6 goblins
  13 hobgoblins
  5 jackals
  9 quokkas
  5 frilled lizards
  A jackal skeleton (D:3)
  8 kobolds
  5 rats
233 creatures vanquished.

Notes
Turn   | Place    | Note
-------+----------+-------------------------------------------
     0 | D:1      | Gorglomux the Deep Dwarf Fighter began the quest for the Orb.
     0 | D:1      | Reached XP level 1. HP: 20/20 MP: 1/1
   180 | D:1      | Reached XP level 2. HP: 20/27 MP: 2/2
   600 | D:1      | Reached skill level 1 in Evocations
  1179 | D:2      | Reached XP level 3. HP: 16/33 MP: 4/4
  1275 | D:2      | Found a shadowy altar of Dithmenos.
  1543 | D:2      | Found a blossoming altar of Fedhas.
  1628 | D:3      | Noticed Natasha
  1640 | D:3      | Killed Natasha
  1640 | D:3      | Reached XP level 4. HP: 36/42 MP: 5/5
  1741 | D:3      | Noticed Terence
  1755 | D:3      | Killed Terence
  1899 | D:3      | Noticed Sigmund
  1929 | D:3      | HP: 1/42 [something (11)]
  1947 | D:3      | Killed Sigmund
  1947 | D:3      | Reached XP level 5. HP: 14/50 MP: 5/7
  1947 | D:3      | Reached XP level 6. HP: 16/57 MP: 5/8
  2755 | D:4      | Reached skill level 5 in Long Blades
  2755 | D:4      | Reached XP level 7. HP: 13/64 MP: 8/8
  2907 | D:4      | Noticed appiemonkey's ghost (amateur MiAK)
  2922 | D:4      | Killed appiemonkey's ghost
  2922 | D:4      | Reached skill level 5 in Shields
  3302 | D:5      | Entered Level 5 of the Dungeon
  3577 | D:5      | Found a stormy altar of Qazlal.
  3710 | D:5      | Noticed Grinder
  4425 | D:6      | Reached skill level 5 in Evocations
  4425 | D:6      | Reached XP level 8. HP: 31/73 MP: 10/10
  4834 | D:7      | Got an iridescent quarterstaff
  4836 | D:7      | Identified the +9 quarterstaff of Deformation {flame, Fragile rElec rPois} (You found it on level 7 of the Dungeon)
  4942 | D:7      | Found a staircase to the Ecumenical Temple.
  4992 | Temple   | Entered the Ecumenical Temple
  5079 | Temple   | Became a worshipper of Elyvilon the Healer
  5299 | D:7      | Reached skill level 5 in Fighting
  5331 | D:7      | Noticed appiemonkey's ghost (novice DrFi)
  5369 | D:7      | Reached skill level 1 in Invocations
  5371 | D:7      | Reached skill level 1 in Staves
  5381 | D:7      | Reached skill level 2 in Staves
  5403 | D:7      | Found a shimmering altar of Xom.
  5403 | D:7      | Found a shimmering altar of Xom.
  5403 | D:7      | Found a shimmering altar of Xom.
  5403 | D:7      | Found a shimmering altar of Xom.
  5437 | D:7      | Found a hazy altar of Hepliaklqana.
  5478 | D:7      | Reached * piety under Elyvilon
  5558 | D:7      | Found a runed door.
  5570 | D:7      | Found a runed door.
  5706 | D:7      | Killed appiemonkey's ghost
  5706 | D:7      | Reached skill level 4 in Staves
  5706 | D:7      | Gained mutation: You passively map the area around you. [Deep Dwarf growth]
  5706 | D:7      | Reached XP level 9. HP: 7/82 MP: 11/11
  5745 | D:7      | Noticed a wind drake
  5879 | D:7      | Reached skill level 5 in Staves
  5879 | D:7      | Reached skill level 5 in Invocations
  5931 | D:8      | Noticed Psyche
  5936 | D:8      | Killed Psyche
  5959 | D:8      | Reached skill level 6 in Staves
  5986 | D:8      | Found a basalt altar of Yredelemnul.
  6044 | D:8      | Reached XP level 10. HP: 22/92 MP: 12/12
  6418 | D:9      | Reached skill level 7 in Staves
  6470 | D:9      | Reached ** piety under Elyvilon
  6781 | D:9      | Found a glowing silver altar of Zin.
  6810 | D:9      | HP: 2/94 [yak (6)]
  6823 | D:9      | Reached skill level 8 in Staves
  6907 | D:9      | Found a flagged portal.
  6917 | Bailey   | Entered a bailey
  7214 | D:10     | Entered Level 10 of the Dungeon
  7489 | D:10     | Noticed a gargoyle
  7498 | D:10     | HP: 4/96 [gargoyle/morningstar of crushing (20)]
  7502 | D:10     | Killed a gargoyle
  7502 | D:10     | Reached skill level 9 in Staves
  7502 | D:10     | Reached XP level 11. HP: 38/103 MP: 14/14
  7581 | D:10     | Noticed Erolcha
  7594 | D:10     | Slain by Erolcha

Skill      XL: |  1  2  3  4  5  6  7  8  9 10 |
---------------+-------------------------------+-----
Evocations     | 1 2 3 5 |  5.5
Fighting       | 3 4 6 8 |  8.1
Long Blades    | 3 4 5 6 |  6.7
Shields        | 4 5 |  5.7
Invocations    | 4 6 8 |  8.9
Staves         | 4 6 9 |  9.0
Armour         | |  3.2

Action                   |  1- 3 |  4- 6 |  7- 9 | 10-12 || total
-------------------------+-------+-------+-------+-------++-------
Melee: Long sword        |    90 |   179 |   182 |       ||   451
       Quarterstaff      |       |       |   122 |   180 ||   302
Throw: Javelin           |    26 |     1 |     8 |       ||    35
       Tomahawk          |       |       |     1 |       ||     1
Invok: Lesser Healing    |       |       |     1 |    17 ||    18
 Abil: Device Recharging |       |     1 |     1 |     1 ||     3
       Evoke Berserk Rag |       |       |       |     1 ||     1
Evoke: Wand              |     1 |     5 |     6 |     3 ||    15
  Use: Potion            |       |       |     2 |       ||     2
       Scroll            |       |       |     4 |    11 ||    15
  Eat: Chunk             |     2 |     4 |    20 |     5 ||    31
Armor: Scale mail        |    34 |    48 |       |       ||    82
       Ring mail         |       |     9 |   109 |    58 ||   176
Dodge: Dodged            |    22 |    32 |   116 |    61 ||   231
Block: Shield            |    46 |    77 |    84 |       ||   207
       Rpst.: Long sword |     8 |    11 |    18 |       ||    37
